 Dungeon Crawl Stone Soup version 0.23.2-1-ga50397a6bc (webtiles) character file.

Game seed: 16481520810319581331

561 MisterOstroum the Changer (level 7, -2/52 HPs)
             Began as a Pale Draconian Transmuter on May 2, 2019.
             Killed from afar by an orc wizard (6 damage)
             ... with a magic dart
             ... on level 5 of the Dungeon.
             The game lasted 00:24:01 (5564 turns).

MisterOstroum the Changer (DrTm)                    Turns: 5564, Time: 00:24:02

Health: -2/52      AC:  6    Str: 13    XL:     7   Next: 9%
Magic:  22/22      EV: 12    Int: 15    God:
Gold:   182        SH:  0    Dex: 11    Spells: 7/14 levels left

rFire    . . .     SeeInvis .     - Unarmed
rCold    . . .     Gourm    .   (no shield)
rNeg     . . .     Faith    .   (armour unavailable)
rPois    .         Spirit   .   (helmet restricted)
rElec    .         Reflect  .   (no cloak)
rCorr    .         Harm     .   (no gloves)
MR       .....                  (no boots)
Stlth    +.........             (no amulet)
HPRegen  0.17/turn              y - ring of magical power
MPRegen  0.18/turn              (no ring)

@: about to teleport
A: breathe steam, unfitting armour, cold-blooded, AC +6
a: Breathe Steam


You were on level 5 of the Dungeon.
You were not hungry.

You visited 1 branch of the dungeon, and saw 5 of its levels.

You collected 182 gold pieces.

Inventory:

Hand Weapons
 c - a +0 short sword
 j - a +0 whip
 p - a +2 dagger of protection
 q - a +0 hunting sling
Missiles
 a - 57 arrows
 d - 139 stones (quivered)
 i - 40 sling bullets
 r - 9 tomahawks
 u - 6 curare-tipped needles
Armour
 A - a +1 buckler
Jewellery
 y - a ring of magical power (left hand)
Scrolls
 b - 8 scrolls of remove curse {@r2}
 f - a scroll of identify {@r1}
 g - a scroll of amnesia
Potions
 k - 2 potions of resistance
 l - a potion of lignification {@q6}
 m - 2 potions of flight
 x - a potion of mutation
 z - a potion of cancellation {unknown}
 B - a potion of might {@q3 !q}
Comestibles
 e - 3 rations
 n - 3 chunks of flesh


   Skills:
 - Level 1.1 Fighting
 - Level 1.7 Dodging
 + Level 3.9 Unarmed Combat
 + Level 4.4 Spellcasting
 + Level 4.7 Transmutations
 + Level 3.1 Ice Magic


You had 7 spell levels left.
You knew the following spells:

 Your Spells              Type           Power        Failure   Level  Hunger
a - Beastly Appendage     Tmut           ###...       2%          1    None
b - Sticks to Snakes      Tmut           ###.....     3%          2    ##.....
c - Ice Form              Ice/Tmut       ###.....     34%         4    ####...

Your spell library contained the following spells:

 Spells                   Type           Power        Failure   Level  Hunger
 Spider Form              Tmut/Pois      ##........   19%         3    ###....
 Blade Hands              Tmut           ###.......   56%         5    ######.


Dungeon Overview and Level Annotations

Branches:
Dungeon (5/15)             Temple (0/1) D:5

Altars:
Elyvilon
Hepliaklqana
Wu Jian

Annotations:
D:2 1 runed translucent door, Crazy Yiuf


Innate Abilities, Weirdness & Mutations

You can breathe blasts of scalding, opaque steam.
Your pale cyan-grey scales are hard. (AC +6)
You cannot fit into any form of body armour.
You are cold-blooded and may be slowed by cold attacks.


Message History

The frilled lizard bites you but does no damage.
The orc wizard misses you. The orc hits you but does no damage. x2
The orc wizard misses you.
You are too injured to fight recklessly!
You are too injured to fight recklessly!
You are too injured to fight recklessly!
You are too injured to fight recklessly!
You are too injured to fight recklessly!
You are too injured to fight recklessly!
You are too injured to fight recklessly!
You are too injured to fight recklessly!
You are too injured to fight recklessly!
You are too injured to fight recklessly!
You are too injured to fight recklessly!
You are too injured to fight recklessly!
You are too injured to fight recklessly!
You are too injured to fight recklessly!
Casting: Beastly Appendage (safe; 2% risk of failure)
Confirm with . or Enter, or press ? or * to list all spells.
Okay, then.
As you read the scroll labeled YCZUOM IZADOL, it crumbles to dust.
It is a scroll of amnesia.
Okay, then.
The orc wizard points at you and mumbles some strange words.
The puff of flame misses you.
The frilled lizard completely misses you.
The orc wizard misses you.
The orc wizard hits you but does no damage.
The orc hits you with a +0 dagger. The orc barely misses you.
The frilled lizard bites you but does no damage.
The orc wizard casts a spell at you. The magic dart hits you!
The orc wizard hits you with a +0 dagger.
Okay, then.
You feel better.
The orc wizard hits you but does no damage.
The orc wizard hits you with a +0 dagger.
The orc closely misses you. x2; The frilled lizard closely misses you.
The orc wizard barely misses you.
The orc wizard hits you but does no damage.
The orc barely misses you. x2
The orc wizard barely misses you. The orc wizard casts a spell at you.
The magic dart hits you!
* * * LOW HITPOINT WARNING * * *
The orc wizard barely misses you.
The orc wizard looks satisfied for a moment.
The frilled lizard barely misses you. The orc wizard closely misses you.
The orc wizard hits you but does no damage.
The orc wizard hits you with a +0 dagger.
* * * LOW HITPOINT WARNING * * *
The frilled lizard bites you.
* * * LOW HITPOINT WARNING * * *
Okay, then.
You feel better. The orc wizard closely misses you. The orc wizard misses you.
The frilled lizard bites you but does no damage.
The orc wizard casts a spell at you. The magic dart hits you!
* * * LOW HITPOINT WARNING * * *
The orc wizard barely misses you.
The orc wizard hits you but does no damage. x2
The orc wizard barely misses you.
The orc wizard begins to cast a cantrip, but forgets the words!
There is an open door here.
The orc wizard closely misses you.
Okay, then.
As you read the scroll labeled BEMOMO VUCLA, it crumbles to dust.
The creatures around you are filled with an inner flame!
It was a scroll of immolation.
The orc wizard hits you with a +0 dagger.
* * * LOW HITPOINT WARNING * * *
The orc wizard casts a cantrip, but nothing happens.
The orc wizard points at you and mumbles some strange words.
The magic dart hits you.
* * * LOW HITPOINT WARNING * * *
As you read the scroll labeled IKYRUC YDUPPIFF, it crumbles to dust.
You hear the tinkle of a tiny bell.
It was a scroll of random uselessness.
The orc wizard closely misses you.
The orc wizard hits you but does no damage.
The orc wizard gestures wildly while chanting.
The orc wizard flickers and vanishes!
Deactivating autopickup; reactivate with Ctrl-A.
As you read the scroll labeled EBBAHOLILA, it crumbles to dust.
You feel aware of your surroundings.
You sensed 1 altar.
It was a scroll of magic mapping.
The orc wizard hits you but does no damage.
The orc wizard misses you. The orc wizard barely misses you.
As you read the scroll labeled TAUCOU HUESUA, it crumbles to dust.
It is a scroll of enchant armour.
Your buckler glows green for a moment.
You feel yourself speed up.
The orc wizard hits you but does no damage. x2
As you read the scroll labeled CAZYPROOBU, it crumbles to dust.
You feel strangely unstable.
It was a scroll of teleportation.
The orc wizard closely misses you.
You hear some strange, mumbled words.
The orc wizard points at you and mumbles some strange words.
The magic dart hits you.
You die...

***** #..........##..***,*
#..?....?......#**,*
#...............,,,*
#...........?.#**,,*
#.............# *,,* *******
#.............##*,,* #....≈#
##.=...[.........,,,*
#....≈#*#≈≈...........#****,*
##..≈≈≈*,≈≈.###@#w.....#* *,*
#.≈≈..#,≈≈**,*#o#lo..#..#*
*,*
*..≈≈.##*##,###'#.o..#,,.*
*,*
*#..≈≈≈###.##.l{o....#,,,*
*,*
#....≈≈≈##.#...w....#,,,***,*
#..........≈........#,,,,**,*
#.........≈≈........#,,,,**,*
#.........#≈.[......#,,,,**,*
#.........##........#,,,,**,*


You could see a worm, an orc wizard (inner flame), an orc and a frilled lizard
(inner flame).

Vanquished Creatures
  Sigmund (D:3)
  An ogre (D:4)
  A phantom (D:4)
  2 orc wizards
  3 orc priests
  An adder (D:2)
  2 worms
  2 dart slugs
  2 leopard geckos
  14 orcs
  A ball python (D:1)
  7 bats
  6 hobgoblins
  7 jackals
  4 kobolds
  4 quokkas
  4 frilled lizards
  5 goblins
  3 rats
70 creatures vanquished.

Vanquished Creatures (collateral kills)
  Jessica (D:3)
  4 adders
  2 worms
  2 orcs
  A jackal (D:3)
  A frilled lizard (D:2)
  A rat (D:3)
12 creatures vanquished.

Grand Total: 82 creatures vanquished

Notes
Turn   | Place    | Note
-------+----------+-------------------------------------------
     0 | D:1      | MisterOstroum the Draconian Transmuter began the quest for
                  | the Orb.
     0 | D:1      | Reached XP level 1. HP: 16/16 MP: 3/3
   160 | D:1      | Reached XP level 2. HP: 23/23 MP: 1/5
   331 | D:1      | Learned a level 2 spell: Sticks to Snakes
   881 | D:2      | Reached XP level 3. HP: 28/28 MP: 2/7
  1106 | D:2      | Found an ornate altar of the Wu Jian Council.
  1159 | D:2      | Found a runed translucent door.
  1160 | D:2      | Noticed Crazy Yiuf
  1357 | D:2      | Found a white marble altar of Elyvilon.
  1455 | D:2      | Reached XP level 4. HP: 24/35 MP: 4/8
  2271 | D:3      | Learned a level 4 spell: Ice Form
  2455 | D:3      | Found a hazy altar of Hepliaklqana.
  2740 | D:3      | Reached XP level 5. HP: 31/40 MP: 3/10
  3043 | D:3      | Reached skill level 1 in Ice Magic
  3173 | D:3      | Noticed Sigmund
  3241 | D:3      | Killed Sigmund
  3241 | D:3      | Reached XP level 6. HP: 27/47 MP: 6/11
  3631 | D:3      | Noticed Jessica
  3716 | D:3      | Killed Jessica
  5132 | D:5      | Entered Level 5 of the Dungeon
  5392 | D:5      | Your scales start taking on a pale cyan-grey colour.
  5392 | D:5      | Reached XP level 7. HP: 31/52 MP: 13/13
  5564 | D:5      | Killed from afar by an orc wizard

Skill      XL: |  1  2  3  4  5  6 |
---------------+-------------------+-----
Transmutations | 3 4 |  4.7
Spellcasting   | 3 4 |  4.4
Ice Magic      | 1 3 |  3.1
Fighting       | |  1.1
Dodging        | |  1.7
Unarmed Combat | |  3.9

Action                   |  1- 3 |  4- 6 |  7- 9 || total
-------------------------+-------+-------+-------++-------
Melee: Unarmed           |   104 |    58 |    17 ||   179
       Kick              |     8 |     9 |       ||    17
       Headbutt          |     7 |     4 |       ||    11
       Tailslap          |     6 |    20 |     1 ||    27
       Punch             |     1 |     3 |       ||     4
       Dagger            |       |   134 |       ||   134
Throw: Stone             |       |     1 |       ||     1
 Cast: Beastly Appendage |    14 |     9 |       ||    23
       Sticks to Snakes  |     4 |    28 |       ||    32
       Ice Form          |       |     1 |       ||     1
 Abil: Breathe Steam     |       |       |     1 ||     1
  Use: Scroll            |       |     9 |     6 ||    15
       Potion            |       |       |     2 ||     2
 Stab: Distracted        |       |     1 |       ||     1
       Sleeping          |       |     1 |       ||     1
  Eat: Chunk             |     2 |    11 |     1 ||    14
       Ration            |       |     1 |     1 ||     2
Armor: Skin              |    30 |    70 |    26 ||   126
Dodge: Dodged            |    81 |   120 |    49 ||   250
